Map: Ruins of Endion

Players

Nerchio

  • Race: Zerg Zerg

Showtime - Winner!

  • Race: Protoss Protoss

Event: DreamHack Open Tours WCS Spring Championship

VOD

https://youtu.be/EBJAX5OvKrU?t=31m23s

Description

Time

  • Played on: May 16, 2016, 8:59 a.m.
  • Length: 11:25

All games in this series

Show
View Real Time Build Order
Export as new Build Order

Nerchio Zerg 

Build Orders: Hatch First, Lurkers 

Get SALT Encoding   

  12  0:00  Drone  
  13  0:12  Overlord  
  13  0:17  Drone  
  14  0:30  Drone  
  14  0:31  Drone  
  14  0:34  Drone  
  17  0:52  Hatchery  
  17  0:56  Drone  
  17  0:59  Drone  
  17  1:02  Extractor  
  17  1:15  Spawning Pool  
  16  1:18  Drone  
  16  1:22  Drone  
  18  1:28  Drone  
  19  1:38  Overlord  
  19  2:01  Queen  
  19  2:02  Metabolic Boost  
  19  2:04  Zergling x2  
  19  2:05  Drone  
  19  2:08  Queen  
  25  2:11  Drone  
  25  2:15  Drone  
  27  2:18  Drone  
  27  2:21  Drone  
  29  2:27  Drone  
  30  2:40  Hatchery  
  30  2:42  Drone  
  30  2:45  Zergling x2  
  30  2:46  Zergling x2  
  30  2:51  Overlord  
  32  2:54  Drone  
  32  2:58  Drone  
  34  3:05  Spore Crawler  
  33  3:10  Drone x3  
  33  3:11  Drone x2  
  39  3:16  Drone x3  
  42  3:20  Overlord  
  42  3:25  Queen  
  44  3:37  Overlord  
  44  3:38  Queen  
  46  3:43  Drone x4  
  46  3:44  Drone  
  51  3:49  Extractor  
  51  3:51  Roach Warren  
  51  3:52  Drone  
  51  3:54  Drone  
  51  3:55  Drone  
  52  3:56  Drone  
  52  3:59  Zergling x2  
  54  4:14  Drone x2  
  54  4:15  Drone x4  
  57  4:18  Drone x2  
  57  4:23  Spore Crawler  
  58  4:29  Drone x3  
  59  4:32  Drone  
  59  4:34  Drone  
  59  4:36  Drone  
  59  4:37  Drone  
  62  4:38  Drone  
  62  4:41  Overlord  
  62  4:44  Overlord  
  63  4:48  Spore Crawler  
  63  4:50  Overlord  
  63  4:51  Overlord  
  62  5:00  Drone x4, Extractor  
  62  5:01  Extractor  
  62  5:02  Drone x3  
  62  5:03  Drone  
  68  5:07  Overlord  
  68  5:10  Lair  
  68  5:11  Drone  
  68  5:12  Drone  
  71  5:14  Drone x2  
  71  5:15  Drone  
  71  5:19  Drone, Extractor  
  71  5:20  Extractor  
  72  5:21  Drone  
  72  5:22  Drone x2  
  72  5:23  Drone  
  72  5:25  Drone  
  77  5:30  Overlord  
  77  5:48  Drone x3  
  77  5:49  Overlord  
  80  5:53  Hatchery  
  79  5:57  Zergling x8  
  79  5:58  Zergling x4  
  79  6:04  Evolution Chamber  
  84  6:05  Evolution Chamber  
  84  6:11  Drone x4, Hydralisk Den  
  86  6:13  Hydralisk Den  
  86  6:16  Queen  
  87  6:32  Zerg Melee Weapons Level 1, Zerg Missile Weapons Level 1  
  87  6:38  Hydralisk Den  
  87  6:39  Hydralisk Den  
  87  6:41  Lurker Den  
  87  6:42  Hydralisk x9, Muscular Augments  
  87  6:44  Overlord x4  
  105  6:49  Overlord x2  
  105  7:01  Overlord  
  105  7:06  Hydralisk  
  105  7:07  Hydralisk x6  
  119  7:10  Hydralisk  
  119  7:11  Hydralisk  
  119  7:13  Pneumatized Carapace  
  123  7:17  Drone x3  
  123  7:18  Drone x2  
  123  7:19  Drone  
  129  7:24  Hydralisk x2  
  129  7:26  Hydralisk  
  135  7:33  Queen  
  135  7:35  Hydralisk  
  135  7:36  Hydralisk  
  141  7:39  Hydralisk x2, Extractor  
  141  7:43  Hydralisk  
  141  7:44  Hydralisk  
  144  7:46  Hydralisk  
  148  7:56  Overlord x2  
  148  8:01  Overseer  
  148  8:02  Drone x2  
  145  8:07  Lurker x6  
  145  8:08  Zergling x2  
  145  8:09  Zergling x14  
  145  8:12  Zergling x6  
  162  8:14  Lurker  
  162  8:16  Lurker  
  162  8:19  Hydralisk  
  166  8:20  Zergling x2  
  166  8:21  Zergling x6  
  166  8:22  Zergling x2  
  166  8:23  Zergling x2  
  166  8:25  Overlord  
  170  8:30  Hydralisk x2  
  170  8:33  Overlord  
  173  8:36  Overlord  
  173  8:38  Hydralisk x2  
  175  8:45  Hydralisk x4  
  175  8:47  Hydralisk  
  171  8:49  Zergling x2  
  171  8:53  Lurker  
  169  8:55  Hydralisk  
  169  8:58  Zergling x6  
  174  9:04  Hydralisk  
  174  9:05  Hydralisk x2  
  174  9:07  Overseer, Extractor  
  174  9:09  Zergling x2  
  180  9:16  Drone x2  
  180  9:18  Hydralisk x2  
  180  9:19  Zergling x2, Infestation Pit  
  180  9:20  Zergling x2  
  185  9:25  Hydralisk  
  185  9:27  Hydralisk x2  
  185  9:29  Hydralisk  
  185  9:31  Hydralisk  
  190  9:36  Overlord  
  190  9:37  Overlord x2  
  191  9:40  Overlord x3  
  191  9:52  Hydralisk  
  172  9:53  Hydralisk x2  
  172  9:55  Zergling x14  
  172  9:56  Zergling x2  
  172  9:57  Zergling x2  
  172  9:58  Hydralisk  
  165  10:06  Hydralisk x3  
  169  10:09  Zergling x6  
  169  10:10  Zergling x4  
  169  10:13  Lurker x2  
  174  10:17  Hydralisk x2  
  174  10:18  Zergling x2  
  173  10:23  Zergling x8  
  173  10:29  Hydralisk x3  
  173  10:32  Zergling x6  
  173  10:34  Zergling x2  
  162  10:35  Zergling x2  
  162  10:37  Zergling x4  
  162  10:39  Zergling x4  
  162  10:40  Zergling x2  
  155  10:42  Zergling x2  
  155  10:43  Zergling x2  
  155  10:44  Zergling x2  
  155  10:45  Zergling x2  
  155  10:46  Zergling x2  
  155  10:48  Lurker x2  
  146  10:50  Hydralisk  
  146  10:53  Zergling x4  
  146  10:55  Zergling x2  
  135  10:57  Hydralisk  
  135  10:59  Hydralisk  
Show
View Real Time Build Order
Export as new Build Order

Showtime Protoss - Winner!

Build Orders: 1 Gate Expand, Oracle Opening, Phoenix Opening 

Get SALT Encoding   

  12  0:00  Probe (Chrono Boost)  
  13  0:11  Probe (Chrono Boost)  
  14  0:20  Pylon  
  14  0:22  Probe (Chrono Boost)  
  15  0:38  Probe (Chrono Boost), Gateway  
  16  0:43  Assimilator  
  16  0:49  Probe (Chrono Boost)  
  17  0:59  Probe (Chrono Boost)  
  18  1:10  Probe (Chrono Boost)  
  19  1:20  Probe (Chrono Boost)  
  20  1:27  Nexus  
  20  1:33  Cybernetics Core  
  20  1:36  Probe (Chrono Boost)  
  21  1:41  Assimilator  
  21  1:47  Probe (Chrono Boost)  
  22  1:52  Pylon  
  22  1:57  Probe (Chrono Boost)  
  23  2:10  Probe (Chrono Boost), Warp Gate, Adept (Chrono Boost)  
  26  2:22  Probe  
  27  2:30  Stargate  
  27  2:34  Zealot (Chrono Boost), Probe  
  30  2:37  Probe  
  31  2:46  Probe (Chrono Boost)  
  31  2:49  Probe (Chrono Boost)  
  33  2:58  Mothership Core (Chrono Boost)  
  35  3:00  Probe (Chrono Boost)  
  36  3:11  Probe (Chrono Boost)  
  37  3:15  Probe (Chrono Boost), Gateway x2  
  37  3:18  Oracle (Chrono Boost)  
  41  3:21  Probe  
  41  3:25  Probe  
  43  3:28  Pylon  
  43  3:33  Probe  
  44  3:35  Probe  
  44  3:40  Pylon  
  45  3:45  Probe  
  45  3:46  Probe  
  47  3:53  Phoenix (Chrono Boost)  
  49  3:56  Probe  
  49  3:58  Probe  
  51  4:02  Assimilator  
  51  4:04  Assimilator  
  51  4:07  Probe  
  52  4:10  Probe  
  53  4:17  Adept x2  
  53  4:18  Probe  
  53  4:22  Probe  
  59  4:25  Pylon  
  59  4:28  Probe  
  60  4:34  Probe, Nexus  
  60  4:36  Pylon  
  61  4:39  Probe  
  61  4:41  Pylon  
  62  4:46  Probe  
  62  4:48  Twilight Council  
  62  4:49  Forge  
  62  4:50  Probe  
  64  4:58  Probe  
  65  5:03  Probe, Sentry x2  
  65  5:04  Sentry  
  72  5:10  Probe, Protoss Ground Weapons Level 1  
  72  5:12  Robotics Facility  
  73  5:14  Probe  
  74  5:22  Probe  
  74  5:24  Blink (Chrono Boost)  
  74  5:26  Probe  
  76  5:34  Probe  
  76  5:35  Zealot  
  79  5:38  Probe  
  80  5:44  Probe  
  80  5:46  Probe  
  82  5:51  Probe, Assimilator  
  82  5:53  Assimilator  
  82  5:54  Probe  
  82  5:56  Gateway  
  84  5:57  Gateway x2  
  84  5:59  Probe  
  84  6:03  Probe  
  87  6:04  Observer  
  87  6:06  Probe  
  87  6:09  Gateway  
  87  6:11  Sentry x3, Gateway  
  92  6:12  Probe  
  95  6:19  Probe  
  95  6:25  Pylon  
  96  6:27  Immortal (Chrono Boost), Pylon  
  100  6:44  Pylon  
  100  6:46  Sentry x2, Pylon  
  104  7:05  Robotics Bay  
  104  7:07  Robotics Facility  
  106  7:09  Protoss Ground Weapons Level 2  
  106  7:10  Pylon, Stalker x2  
  106  7:11  Stalker x6  
  120  7:27  Pylon  
  120  7:29  Pylon  
  120  7:31  Pylon x2  
  120  7:33  Pylon x2  
  120  7:41  Stalker x3  
  120  7:42  Stalker x3  
  132  7:54  Disruptor x2 (Chrono Boost)  
  138  7:58  Photon Cannon  
  138  8:07  Stalker x4  
  146  8:20  Pylon  
  146  8:23  Nexus  
  146  8:26  Disruptor x2 (Chrono Boost), Pylon  
  150  8:35  Stalker  
  150  8:36  Stalker x3  
  150  8:38  Adept  
  158  8:42  Adept  
  158  8:48  Photon Cannon  
  160  8:53  Stalker x2  
  164  9:00  Stalker  
  169  9:06  Stalker x2  
  174  9:10  Immortal (Chrono Boost)  
  174  9:23  Stalker  
  174  9:24  Stalker x3  
  182  9:33  Zealot x3  
  188  9:39  Probe  
  188  9:40  Probe, Assimilator  
  188  9:43  Assimilator  
  186  9:53  Zealot x5  
  186  9:54  Zealot  
  192  10:07  Stalker x2  
  192  10:12  Immortal (Chrono Boost)  
  196  10:39  Immortal (Chrono Boost)  
  162  10:57  Zealot  
  162  10:58  Zealot x7  

Tags
 
Add a new tag
Caveats
  • Supply blocks, unpowered buildings, or Contaminate may cause inaccurate times.
  • Supply counts are checked every 10 seconds.